 Dungeon Crawl Stone Soup version 0.27-a0-984-g00e00afbbc (webtiles) character file.

Game seed: 12924693834002838096

2 Morbidden the Conjurer (level 1, -1/14 HPs)
             Began as a Draconian Conjurer on Apr 15, 2021.
             Slain by a jackal (2 damage)
             ... on level 1 of the Dungeon.
             The game lasted 00:00:08 (63 turns).

Morbidden the Conjurer (Draconian Conjurer)           Turns: 63, Time: 00:00:08

Health: -1/14      AC:  4    Str:  9    XL:     1   Next: 33%
Magic:  2/3        EV: 12    Int: 18    God:
Gold:   0          SH:  0    Dex:  9    Spells: 3/4 levels left

rFire    . . .     SeeInvis .   (no weapon)
rCold    . . .     Faith    .   (no shield)
rNeg     . . .     Spirit   .   (armour unavailable)
rPois    .         Reflect  .   (helmet restricted)
rElec    .         Harm     .   (no cloak)
rCorr    .         Rampage  .   (no gloves)
Will     .....                  (no boots)
Stlth    ++........             (no amulet)
HPRegen  0.04/turn              (no ring)
MPRegen  0.08/turn              (no ring)

@: no status effects
A: AC +4, unfitting armour, cold-blooded
a: no special abilities


You were on level 1 of the Dungeon.
You visited 1 branch of the dungeon, and saw 1 of its levels.

You aren't carrying anything.


   Skills:
 + Level 1.7 Dodging
 + Level 1.7 Stealth
 + Level 2.0 Spellcasting
 + Level 4.1 Conjurations


You had 3 spell levels left.
You knew the following spells:

 Your Spells              Type           Power      Damage    Failure   Level
a - Magic Dart            Conj           64%        1d6       3%          1

Your spell library contained the following spells:

 Spells                   Type           Power      Damage    Failure   Level
 Searing Ray              Conj           32%        3d4       4%          2
 Dazzling Flash           Conj/Hex       18%        N/A       24%         3
 Fulminant Prism          Conj/Hex       4%         3d6       61%         4
 Iskenderun's Mystic Bla  Conj/Tloc      9%         2d4       61%         4


Dungeon Overview and Level Annotations

Branches:
Dungeon (1/15)

Altars:


Innate Abilities, Weirdness & Mutations

Your plain brown scales are hard. (AC +4)
You cannot fit into any form of body armour.
You are cold-blooded and may be slowed by cold attacks.


Message History

The bat hits you but does no damage. The jackal barely misses you.
The bat misses you. The jackal barely misses you.
A goblin comes into view. It is wielding a +0 club.
You completely miss the bat.
The bat is moderately wounded.
The bat hits you but does no damage. The jackal bites you.
* * * LOW HITPOINT WARNING * * *
You miss the bat.
The bat is moderately wounded.
The goblin shouts!
The bat barely misses you. The jackal barely misses you.
You barely miss the bat.
The bat is moderately wounded.
The bat barely misses you. The jackal closely misses you.
The bat closely misses you.
A quokka comes into view.
The jackal closely misses you.
The giant cockroach waves its antennae.
You closely miss the bat.
Your tail-slap misses the bat.
The bat closely misses you. The jackal bites you.
* * * LOW HITPOINT WARNING * * *
You hit the bat.
The bat is moderately wounded.
The bat closely misses you. x2
The jackal bites you but does no damage.
The jackal closely misses you.
You barely miss the bat.
The bat is moderately wounded.
The bat hits you but does no damage. x2
The jackal bites you but does no damage.
Unknown command.
You barely miss the bat. The bat barely misses you.
The bat hits you but does no damage. The jackal barely misses you.
Unknown command.
You aren't carrying any potions.
You aren't carrying any potions.
You closely miss the bat.
Your tail-slap misses the bat.
The bat closely misses you. The bat hits you but does no damage.
The jackal bites you.
You die... #.## #..# #... ### #.. ..# #gr

#.###### #h# #......#
#h# ###....# ### #@#
### # #....# #.# #b#
.... #....# #.# #B#
.....
#....#####.###l##...###
##.....................
#..#.#.##.......>..###
#..#......#####.#..#
#......##.# .# .#
#..##..##.# .# #


You could see a quokka, 2 jackals, a giant cockroach, a goblin, a bat and a
frilled lizard.

Vanquished Creatures
  A dart slug (D:1)
1 creature vanquished.

Notes
Turn   | Place    | Note
-------+----------+-------------------------------------------
     0 | D:1      | Morbidden the Draconian Conjurer began the quest for the
                  | Orb.
     0 | D:1      | Reached XP level 1. HP: 14/14 MP: 3/3
    63 | D:1      | Slain by a jackal

Illustrated notes

Levels and vault maps discovered:
D:1:      dpeg_arrival_tiny_c, layout_basic,
          shapermc_ecumenical_altar_totnotflames

Action                   || total
-------------------------++-------
Melee: Unarmed           ||    25
 Cast: Magic Dart        ||     1
Armor: Skin              ||    20
Dodge: Dodged            ||    45

Table legend: (Time is in decaauts)
 A = Elapsed time spent in this place.
 B = Non-inter-level travel time spent in this place.
 C = Inter-level travel time spent in this place.
 D = Time resting spent in this place.
 E = Time spent auto-exploring this place.
 F = Levels seen in this place.
 G = Mean time per level.
                   A        B        C        D        E       F      G
               +--------+--------+--------+--------+--------+-----+--------+
         Total |     63 |     63 |      0 |      0 |     28 |   1 |   63.0 |
       Dungeon |     63 |     63 |      0 |      0 |     28 |   1 |   63.0 |
               +--------+--------+--------+--------+--------+-----+--------+

Top non-repeatable levels by time:
     D:1: 63 daAuts
